 Dungeon Crawl Stone Soup version 0.31.0-9-g3a7656b989 (webtiles) character file.

Game seed: 2644970817246585453

45519 Roflanpepe the Thaumaturge (level 14, -1/94 HPs)
             Began as a Djinni Conjurer on Feb 5, 2024.
             Was a High Priest of Elyvilon.
             Killed from afar by a spriggan air mage (19 damage)
             ... with a bolt of lightning
             ... on level 1 of the Depths on Feb 6, 2024.
             The game lasted 02:33:05 (22525 turns).

Roflanpepe the Thaumaturge (Djinni Conjurer)       Turns: 22525, Time: 02:33:05

Health: -1/94      AC:  5    Str: 12    XL:     14   Next: 71%
Gold:   1499       EV: 22    Int: 26    God:    Elyvilon [*****.] SH:  5 Dex: 14

rFire   + + .        B - +2 dagger (venom)
rCold   x . .        (no shield)
rNeg    . . .        S - +0 troll leather armour
rPois   ∞            (no helmet)
rElec   .            V - +0 cloak
rCorr   .            Z - +0 pair of gloves
SInv    .            (boots unavailable)
Will    ++...        e - amulet of reflection
Stlth   ++++         D - +5 ring of evasion
HPRegen 1.15/turn    I - ring "Zeobech" {Will+ Str+6 Dex+3}
MPRegen 0.00/turn

%: reflection, infuse magic (-2 HP)
@: flying
A: sickness immunity, fire resistance 2, cold vulnerability 1, float, innate
caster, HP casting, extra vitality 1
a: Renounce Religion, Purification, Heal Other, Heal Self, Divine Vigour


You were on level 1 of the Depths.
You worshipped Elyvilon.
Elyvilon was extremely pleased with you.
You visited 3 branches of the dungeon, and saw 17 of its levels.

You collected 1499 gold pieces.

Inventory:

Hand Weapons
 B - a +2 dagger of venom (weapon)
 L - a +0 flail
Armour
 F - +0 steam dragon scales
 P - +0 acid dragon scales
 S - a +0 troll leather armour (worn)
 V - a +0 cloak (worn)
 Z - a +0 pair of gloves (worn)
Jewellery
 e - an amulet of reflection (around neck)
 n - a ring of positive energy
 z - a ring of willpower
 D - a +5 ring of evasion (left hand)
 I - the ring "Zeobech" (right hand) {Will+ Str+6 Dex+3}
   (You found it on level 9 of the Dungeon)

   [ring of strength]

   Str+6:     It affects your strength (+6).
   Dex+3:     It affects your dexterity (+3).
   Will+:     It increases your willpower.
 M - a +6 ring of dexterity
 N - a ring of fire
Wands
 l - a wand of paralysis (18)
 q - a wand of mindburst (11)
 C - a wand of flame (44)
 G - a wand of acid (3)
 J - a wand of polymorph (3)
 Q - a wand of iceblast (14)
Scrolls
 c - 3 scrolls of poison
 j - 4 scrolls of blinking
 m - 3 scrolls of teleportation
 p - a scroll of silence {unknown}
 r - 2 scrolls of immolation
 t - 3 scrolls of fog
 y - 4 scrolls of enchant armour
 A - 2 scrolls of amnesia
 E - a scroll of revelation
 H - a scroll of torment {unknown}
 K - a scroll of fear
 O - a scroll of brand weapon {unknown}
 W - a scroll of noise {unknown}
 X - a scroll of enchant weapon {unknown}
Potions
 a - 2 potions of mutation
 b - 5 potions of heal wounds
 g - 3 potions of might
 h - 2 potions of enlightenment
 i - 4 potions of curing
 k - a potion of berserk rage {unknown}
 o - 2 potions of attraction
 u - 3 potions of magic
 v - a potion of cancellation {unknown}
 w - 2 potions of lignification
 x - 5 potions of brilliance
 U - a potion of resistance {unknown}
Miscellaneous
 T - a phial of floods


   Skills:
 + Level 6.1 Fighting
 + Level 12.4 Dodging
 - Level 10.3 Stealth
 * Level 12.5 Spellcasting
 * Level 12.5 Conjurations
 * Level 12.5 Hexes
 * Level 12.5 Summonings
 * Level 12.5 Necromancy
 * Level 12.5 Translocations
 * Level 12.5 Fire Magic
 * Level 12.5 Ice Magic
 * Level 12.5 Air Magic
 * Level 12.5 Earth Magic
 * Level 12.5 Alchemy
 * Level 10.2 Invocations


You knew the following spells:

 Your Spells              Type           Power      Damage    Failure   Level
a - Magic Dart            Conj           100%       1d8       1%          1
b - Searing Ray           Conj           100%       2d8       1%          2
c - Fulminant Prism       Conj/Alch      34%        3d15      1%          4
d - Iskenderun's Mystic   Conj/Tloc      69%        2d14      1%          4
e - Sandblast             Erth           100%       2d20      1%          1
f - Call Imp              Summ           100%       N/A       1%          2
g - Mephitic Cloud        Conj/Alch/Air  69%        N/A       1%          3
h - Flame Wave            Conj/Fire      69%        2d16      1%          4
i - Arcjolt               Conj/Air       34%        1d44      1%          5
j - Fireball              Conj/Fire      34%        3d14      1%          5
Your spell library was empty.

Dungeon Overview and Level Annotations

Branches:
Dungeon (15/15)            Temple (1/1) D:7            Lair (0/5) D:10
    Orc (0/2) D:12         Vaults (0/5) D:13         Depths (1/4) D:15

Altars:
Ashenzari
Cheibriados
Dithmenos
Elyvilon
Fedhas
Gozag
Hepliaklqana
Makhleb
Nemelex Xobeh
Okawaru
Qazlal
Ru
Trog
Uskayaw
Wu Jian
Xom
Yredelemnul
Zin
The Shining One

Shops:
D:2 :   D:7 *   D:8 *   D:14 ?   Depths:1 *

Portals:
Hell: Depths:1

Annotations:
D:2 1 runed translucent door, Crazy Yiuf, Sigmund
D:13 2 transporters, Kokhlaf's ghost, journeyman DECj


Innate Abilities, Weirdness & Mutations

You are immune to sickness and miasma.
You are immune to poison.
Your flesh is very heat resistant. (rF++)
You are vulnerable to cold. (rC-)
You float through the air rather than walking.
You learn spells naturally, not from books.
Your magical power is your life essence.
You have superior vitality. (+4 MHP)


Message History

The blast of energy engulfs the fire dragon!!
The fire dragon is heavily wounded.
Casting: Fulminant Prism (safe; 1% risk of failure)
Confirm with . or Enter, or press ? or * to list all spells.
Electricity surges outward!
The fire dragon is struck by an electric surge!!!
The fire dragon is almost dead.
Your fulminant prism crackles loudly.
Unknown command.
Casting: Arcjolt (mildly dangerous; 1% risk of failure)
Confirm with . or Enter, or press ? or * to list all spells.
Electricity surges outward!
The fire dragon is struck by an electric surge.
The fire dragon is almost dead.
The fire dragon misses you. The fire dragon claws you!
The fire dragon completely misses you.
Your fulminant prism explodes!
You hear a shout!
Casting: Arcjolt (mildly dangerous; 1% risk of failure)
Confirm with . or Enter, or press ? or * to list all spells.
You erupt in a blast of force!
The mystic blast hits the fire dragon.
The fire dragon is almost dead.
The fire dragon is knocked back by the mystic blast.
A spriggan air mage comes into view.
Press: ? - help, v - describe, . - travel
Here: a spriggan air mage, wearing a +0 robe (repelling missiles)
The floor.
Unknown command.
The spriggan air mage waves its arms in wide circles.
The air twists around and strikes you!!
* * * LOW HITPOINT WARNING * * *
Casting: Iskenderun's Mystic Blast (safe; 1% risk of failure)
Confirm with . or Enter, or press ? or * to list all spells.
Aiming: Fulminant Prism (safe; 1% risk of failure)
Press: ? - help, Dir - move target, f - fire dragon
Aim: a fire dragon (water, almost dead)
Okay, then.
The spriggan air mage gestures at you while chanting.
The bolt of lightning hits you!!
You die...

..... ....# #...## .i..
######....## .~~##
...........# ##.~≈~##
..≈≈.......# ##~.~≈≈≈#.
....§§§.§..####≈~.~~≈≈~.
)..≈≈§≈.....##≈D≈.~≈≈≈≈.
....≈≈..[.#.#≈≈≈~.~≈≈≈~.
...§......#..~≈≈@.~≈≈≈~.
..........##.~≈≈~.≈≈≈≈~.
..≈§§.....##.~≈≈~.~≈≈~~.
..≈§§≈....##..~~~.~~~...
..........###...~.~...≈#
..........# #...~.~.~~##
.......^..# #.....≈.~##
########### #........§
##


You could see a fire dragon and a spriggan air mage (repels missiles).

Vanquished Creatures
  Agnes (D:15)
  A stone giant (D:15)
  An entropy weaver (shapeshifter) (D:12)
  2 hydras (D:13)
  A rakshasa (D:15)
  An ogre mage (D:12)
  3 two-headed ogres
  4 centaur warriors
  7 boulder beetles
  2 tengu warriors (D:14)
  An occultist (D:15)
  Lodul (D:12)
  16 ugly things
  2 deep elf pyromancers
  4 cyclopes
  6 manticores
  A cane toad (shapeshifter) (D:14)
  3 gargoyles
  An unseen horror (D:10)
  A kobold demonologist (D:10)
  3 komodo dragons
  2 yaktaurs (D:12)
  An efreet (D:12)
  3 tengu conjurers
  4 trolls
  A hornet (D:7)
  A polar bear (shapeshifter) (D:13)
  2 centaur simulacra (D:15)
  13 slime creatures
  A basilisk (D:12)
  3 water elementals (Depths:1)
  2 wyverns
  3 shadows
  5 wraiths
  13 yaks
  2 steam dragons
  12 vampire mosquitoes
  An acid dragon (D:11)
  8 orc warriors
  A hornet zombie (D:7)
  3 ice beasts
  A sky beast (D:7)
  9 ogres
  3 laughing skulls
  6 centaurs
  A phantom (D:5)
  5 kobold brigands
  5 scorpions
  3 bullfrogs
  A gnoll sergeant (D:6)
  A water moccasin zombie (D:7)
  3 wights (D:8)
  4 howler monkeys
  3 electric eels (D:8)
  2 centaur zombies (D:7)
  3 hounds
  14 orc priests
  2 bombardier beetles (D:4)
  A gnoll bouda (D:8)
  3 jellies
  16 orc wizards
  Jessica (D:2)
  A sleepcap (D:5)
  Ijyb (D:3)
  5 iguanas
  4 killer bee zombies (D:7)
  A hound skeleton (D:5)
  Robin (D:3)
  7 adders
  7 gnolls (D:8)
  5 river rats (D:6)
  2 shadow imps
  5 white imps
  An adder zombie (D:5)
  2 adder skeletons (D:5)
  3 dart slugs
  4 ribbon worms
  52 orcs
  9 ball pythons
  9 endoplasms
  A giant cockroach (D:3)
  14 goblins
  9 hobgoblins
  4 jackals (D:1)
  24 kobolds
  8 quokkas
  8 bats
  6 frilled lizards
  18 rats
  6 fulminant prisms
447 creatures vanquished.

Vanquished Creatures (collateral kills)
  A jelly (D:6)
  A river rat (D:6)
  2 rats (D:6)
4 creatures vanquished.

Vanquished Creatures (others)
  A howler monkey (D:13)
  170 fulminant prisms
171 creatures vanquished.

Grand Total: 622 creatures vanquished

Notes
Turn   | Place    | Note
-------+----------+-------------------------------------------
     0 | D:1      | Roflanpepe the Djinni Conjurer began the quest for the Orb.
     0 | D:1      | Roflanpepe set off with the following spells memorised:
                  | Magic Dart, Searing Ray, Fulminant Prism, Iskenderun's
                  | Mystic Blast.
     0 | D:1      | Reached XP level 1. HP: 15/15 MP: 0/0
    57 | D:1      | Reached XP level 2. HP: 21/22 MP: 0/0
   321 | D:1      | Reached XP level 3. HP: 26/26 MP: 0/0
   321 | D:1      | Learned a level 1 spell: Sandblast
   446 | D:1      | Reached skill level 1 in Fighting
   880 | D:2      | Noticed Sigmund
   974 | D:2      | You are sucked into a shaft and drop 1 floor!
  1009 | D:3      | Reached XP level 4. HP: 28/32 MP: 0/0
  1013 | D:3      | Found a broken altar of Ashenzari.
  1458 | D:3      | Noticed Robin
  1459 | D:3      | Noticed Ijyb
  1507 | D:3      | Reached XP level 5. HP: 31/37 MP: 0/0
  1507 | D:3      | Learned a level 2 spell: Call Imp
  1664 | D:3      | Killed Robin
  1900 | D:2      | Noticed Jessica
  1904 | D:2      | Killed Jessica
  2498 | D:2      | Found Niept's Vocational Training.
  2743 | D:2      | Found a runed translucent door.
  2744 | D:2      | Noticed Crazy Yiuf
  2922 | D:3      | Paralysed by Ijyb for 2 turns
  2930 | D:3      | Killed Ijyb
  2931 | D:3      | Reached XP level 6. HP: 28/43 MP: 0/0
  3315 | D:4      | Found a sparkling altar of Nemelex Xobeh.
  3409 | D:4      | Reached XP level 7. HP: 34/49 MP: 0/0
  3409 | D:4      | Learned a level 3 spell: Mephitic Cloud
  3499 | D:4      | Reached skill level 5 in Spellcasting
  3499 | D:4      | Reached skill level 5 in Conjurations
  3499 | D:4      | Reached skill level 5 in Hexes
  3499 | D:4      | Reached skill level 5 in Summonings
  3499 | D:4      | Reached skill level 5 in Necromancy
  3499 | D:4      | Reached skill level 5 in Translocations
  3499 | D:4      | Reached skill level 5 in Fire Magic
  3499 | D:4      | Reached skill level 5 in Ice Magic
  3499 | D:4      | Reached skill level 5 in Air Magic
  3499 | D:4      | Reached skill level 5 in Earth Magic
  3499 | D:4      | Reached skill level 5 in Alchemy
  4188 | D:5      | Entered Level 5 of the Dungeon
  4411 | D:5      | Found a sacrificial altar of Ru.
  4537 | D:5      | Reached XP level 8. HP: 46/56 MP: 0/0
  5204 | D:6      | Reached skill level 5 in Dodging
  6239 | D:6      | Reached XP level 9. HP: 52/63 MP: 0/0
  6239 | D:6      | Learned a level 4 spell: Flame Wave
  6935 | D:7      | Found a stormy altar of Qazlal.
  7028 | D:7      | Found a basalt altar of Yredelemnul.
  7040 | D:7      | Reached skill level 5 in Fighting
  7040 | D:7      | Reached skill level 5 in Stealth
  7164 | D:7      | Reached skill level 1 in Invocations
  7429 | D:7      | Found Hios's General Store.
  7473 | D:7      | Noticed a hornet
  7497 | D:7      | Killed a hornet
  7732 | D:7      | Found a staircase to the Ecumenical Temple.
  7758 | Temple   | Entered the Ecumenical Temple
  7774 | Temple   | Became a worshipper of Elyvilon the Healer
  8403 | D:7      | Found a shimmering altar of Xom.
  8677 | D:8      | Reached XP level 10. HP: 52/70 MP: 0/0
  9130 | D:8      | Reached * piety under Elyvilon
  9865 | D:8      | Found a blossoming altar of Fedhas.
 10331 | D:8      | Found a snail-covered altar of Cheibriados.
 10543 | D:8      | Found Kawisus's General Store.
 10974 | D:9      | Noticed a two-headed ogre
 11097 | D:9      | Killed a two-headed ogre
 11098 | D:9      | Reached XP level 11. HP: 62/76 MP: 0/0
 11098 | D:9      | Learned a level 5 spell: Arcjolt
 11303 | D:9      | Found an opulent altar of Gozag.
 11355 | D:9      | Found a hazy altar of Hepliaklqana.
 11373 | D:9      | Reached ** piety under Elyvilon
 11384 | D:9      | Noticed a two-headed ogre
 11400 | D:9      | Killed a two-headed ogre
 11787 | D:9      | Found a burning altar of Makhleb.
 11793 | D:9      | Identified the ring "Zeobech" {Will+ Str+6 Dex+3}
 11946 | D:9      | Reached skill level 5 in Invocations
 11975 | D:9      | Found an iron altar of Okawaru.
 12458 | D:10     | Entered Level 10 of the Dungeon
 12733 | D:10     | Reached *** piety under Elyvilon
 13130 | D:10     | Found a staircase to the Lair.
 13462 | D:10     | Noticed a boulder beetle
 14191 | D:10     | Killed a boulder beetle
 14728 | D:11     | Noticed a cyclops
 14733 | D:11     | Elyvilon protects you from harm!
 14743 | D:11     | Killed a cyclops
 15208 | D:11     | Reached **** piety under Elyvilon
 15269 | D:11     | Reached XP level 12. HP: 56/83 MP: 0/0
 15720 | D:12     | Noticed a two-headed ogre
 15721 | D:12     | Noticed an ogre mage
 16246 | D:12     | Killed an ogre mage
 16253 | D:12     | Noticed a centaur warrior
 16754 | D:12     | Found a staircase to the Orcish Mines.
 16850 | D:12     | Noticed a centaur warrior
 16944 | D:12     | Noticed an entropy weaver
 16954 | D:12     | Killed an entropy weaver
 16955 | D:12     | Reached skill level 10 in Spellcasting
 16955 | D:12     | Reached skill level 10 in Conjurations
 16955 | D:12     | Reached skill level 10 in Hexes
 16955 | D:12     | Reached skill level 10 in Summonings
 16955 | D:12     | Reached skill level 10 in Necromancy
 16955 | D:12     | Reached skill level 10 in Translocations
 16955 | D:12     | Reached skill level 10 in Fire Magic
 16955 | D:12     | Reached skill level 10 in Ice Magic
 16955 | D:12     | Reached skill level 10 in Air Magic
 16955 | D:12     | Reached skill level 10 in Earth Magic
 16955 | D:12     | Reached skill level 10 in Alchemy
 17071 | D:12     | Noticed a boulder beetle
 17088 | D:12     | Killed a boulder beetle
 17166 | D:12     | Reached skill level 10 in Dodging
 17168 | D:12     | Killed a two-headed ogre
 17395 | D:12     | Reached XP level 13. HP: 59/87 MP: 0/0
 17395 | D:12     | Learned a level 5 spell: Fireball
 17557 | D:12     | Killed a centaur warrior
 17579 | D:12     | Noticed Lodul
 17986 | D:12     | Killed Lodul
 18045 | D:12     | Killed a centaur warrior
 18618 | D:13     | Noticed a five-headed hydra
 18618 | D:13     | Noticed a centaur warrior
 18627 | D:13     | Killed a five-headed hydra
 18766 | D:13     | Killed a centaur warrior
 18823 | D:13     | Noticed a seven-headed hydra
 18834 | D:13     | Killed a seven-headed hydra
 19036 | D:13     | Noticed a four-headed hydra
 19119 | D:13     | Found a transporter.
 19119 | D:13     | Noticed Kokhlaf's ghost (journeyman DECj)
 19121 | D:13     | Noticed a yaktaur captain
 19123 | D:13     | Noticed a great orb of eyes
 19128 | D:13     | Found a transporter.
 19400 | D:13     | Noticed a five-headed hydra
 19684 | D:13     | Found a gate to the Vaults.
 20110 | D:14     | Reached XP level 14. HP: 84/94 MP: 0/0
 20359 | D:14     | Found Zourhia's Magic Scroll Emporium.
 20424 | D:14     | Reached ***** piety under Elyvilon
 21000 | D:15     | Entered Level 15 of the Dungeon
 21101 | D:14     | Reached skill level 10 in Stealth
 21166 | D:15     | Found a shadowy altar of Dithmenos.
 21296 | D:15     | Noticed Agnes
 21321 | D:15     | Killed Agnes
 21325 | D:15     | Elyvilon protects you from harm!
 21554 | D:15     | Noticed a stone giant
 21577 | D:15     | Elyvilon protects you from harm!
 21586 | D:15     | Killed a stone giant
 21801 | D:15     | Reached skill level 10 in Invocations
 21865 | D:15     | Found a staircase to the Depths.
 22299 | Depths:1 | Entered Level 1 of the Depths
 22325 | Depths:1 | Found a gateway to Hell.
 22450 | Depths:1 | Found Elassowo's Overcharged Wands.
 22525 | Depths:1 | Killed from afar by a spriggan air mage

Illustrated notes

Levels and vault maps discovered:
D:1:      wander_arrival_fairy_ring, layout_basic, minmay_tetromino_o2
D:2:      layout_basic, nicolae_shop_vocational, uniq_jessica, uniq_sigmund,
          uniq_crazy_yiuf_cottage
D:3:      layout_loops_ring, evilmike_ruin_ashenzari, nicolae_goblin_pals
D:4:      nicolae_cairo_tiling_large_dashed, layout_basic, kennysheep_mini,
          uniq_robin
D:5:      layout_rooms, nicolae_ru_awakened_eye,
          mainiacjoe_ossuary_entry_find_the_door, kennysheep_another_room,
          minmay_misc_feat_square
D:6:      lemuel_ratsnest, layout_loops_ring, chequers_serial_rivers_marsh,
          nicolae_water_bricks
D:7:      layout_basic, regret_index_xom_buried_treasure,
          nicolae_qazlal_general_emergency, nicolae_yredelemnul_corpse_copse,
          minmay_temple_entry_tees, serial_shops, shop
D:8:      layout_basic, overflow_temple_1_default, fedhas_altar_3, serial_shops,
          nicolae_shop_trees, minmay_misc_feat_x
D:9:      layout_gridville, grunt_temple_overflow_magic_moments,
          nicolae_overflow_crystal_walls,
          mainiacjoe_overflow_concentric_impassable,
          mainiacjoe_overflow_large_starburst
D:10:     layout_cave_pods, lair_entry_dummy, chequers_serial_rivers_micro_c
D:11:     layout_rooms
D:12:     minmay_the_grid_octo_2x2 [minmay_the_grid_octo_checkerflower,
          minmay_the_grid_octo_thin_diamonds, minmay_the_grid_octo_pinwheel,
          minmay_the_grid_octo_prize_ultimate_mussel_roller], layout_basic,
          hiddenorc2_lemuel, uniq_lodul
D:13:     layout_rooms, hellmonk_vaults_attempted_burglary,
          gammafunk_ghost_arena, serial_aquarium, aquarium_bridge_long_separate
          [aquarium_subvault_bridge, aquarium_subvault_window,
          aquarium_subvault_wall, aquarium_subvault_wall,
          aquarium_subvault_bridge, aquarium_subvault_bridge],
          aquarium_bridge_square [aquarium_subvault_bridge,
          aquarium_subvault_bridge, aquarium_subvault_bridge,
          aquarium_subvault_window], aquarium_window_1, aquarium_window_2,
          aquarium_view_2c, aquarium_balcony_3a
D:14:     layout_loops_ring, nicolae_take_the_stairs,
          chequers_serial_rivers_small_a
D:15:     hangedman_depths_entry_civil_slaughter, layout_basic, serial_ice,
          serial_ice_l, serial_ice_m, serial_ice_n, serial_ice_o, serial_ice_f,
          serial_ice_b, nicolae_dithmenos_shadow_blocks, uniq_agnes
Temple:   hellmonk_temple_two_chambers
Depths:1: layout_basic, enter_ziggurat_c, kennysheep_pointless_box,
          grunt_pan_entry_zigzag, hell_entry, serial_bayou_pond_b,
          nicolae_shop_overcharged_wands

Skill      XL: |  1  2  3  4  5  6  7  8  9 10 11 12 13 14 |
---------------+-------------------------------------------+-----
Fighting       | 1 2 3 4 5 6 |  6.1
Stealth        | 2 3 4 5 6 7 8 9 10 | 10.3
Spellcasting   | 4 5 6 7 8 9 10 11 12 | 12.5
Conjurations   | 4 5 6 7 8 9 10 11 12 | 12.5
Hexes          | 4 5 6 7 8 9 10 11 12 | 12.5
Summonings     | 4 5 6 7 8 9 10 11 12 | 12.5
Necromancy     | 4 5 6 7 8 9 10 11 12 | 12.5
Translocations | 4 5 6 7 8 9 10 11 12 | 12.5
Fire Magic     | 4 5 6 7 8 9 10 11 12 | 12.5
Ice Magic      | 4 5 6 7 8 9 10 11 12 | 12.5
Air Magic      | 4 5 6 7 8 9 10 11 12 | 12.5
Earth Magic    | 4 5 6 7 8 9 10 11 12 | 12.5
Alchemy        | 4 5 6 7 8 9 10 11 12 | 12.5
Dodging        | 3 4 5 6 7 9 10 11 12 | 12.4
Invocations    | 2 4 6 7 9 10 | 10.2

Action                     |  1- 3 |  4- 6 |  7- 9 | 10-12 | 13-15 || total
---------------------------+-------+-------+-------+-------+-------++-------
  Melee: Unarmed           |     4 |       |       |       |       ||     4
         Dagger            |       |       |       |     2 |       ||     2
   Cast: Magic Dart        |    40 |    58 |    96 |   115 |    21 ||   330
         Searing Ray       |    13 |    32 |    82 |    97 |    10 ||   234
         Sandblast         |       |     2 |       |       |       ||     2
         Call Imp          |       |     1 |     5 |       |       ||     6
         Mephitic Cloud    |       |       |    18 |    31 |     6 ||    55
         Fulminant Prism   |       |       |     3 |    96 |    78 ||   177
         Iskenderun's Myst |       |       |     2 |    49 |    27 ||    78
         Arcjolt           |       |       |       |    24 |    42 ||    66
         Flame Wave        |       |       |       |     1 |     3 ||     4
         Fireball          |       |       |       |       |    97 ||    97
 Invoke: Heal Self         |       |       |       |     2 |     4 ||     6
         Heal Other        |       |       |       |     1 |     1 ||     2
         Divine Vigour     |       |       |       |       |     1 ||     1
    Use: Scroll            |     2 |     6 |     2 |     8 |     7 ||    25
         Potion            |       |       |       |     1 |       ||     1
 Armour: Robe              |       |    18 |    38 |    14 |       ||    70
         Steam dragon scal |       |       |       |    26 |       ||    26
         Acid dragon scale |       |       |       |    12 |       ||    12
         Troll leather arm |       |       |       |     7 |    57 ||    64
  Dodge: Dodged            |     6 |    10 |    47 |    84 |    54 ||   201
  Block: Other             |       |     7 |    23 |    14 |     6 ||    50
         Reflection        |       |       |       |     4 |     5 ||     9
